 Dungeon Crawl Stone Soup version 0.29.1-4-g47bece8355 (webtiles) character file.

Game seed: 3680391522867177494

77 middlethird the Chiller (level 4, -4/23 HPs)
             Began as a Vine Stalker Ice Elementalist on Dec 2, 2022.
             Killed from afar by Ijyb (12 damage)
             ... with a puff of flame
             ... on level 2 of the Dungeon.
             The game lasted 00:15:04 (1603 turns).

middlethird the Chiller (VSIE)                      Turns: 1603, Time: 00:15:05

Health: -4/23      AC:  2    Str: 10    XL:     4   Next: 34%
Magic:  0/10       EV: 12    Int: 15    God:
Gold:   80         SH:  0    Dex: 17    Spells: 2/9 levels left

rFire   . . .      SeeInvis .   a - +0 dagger
rCold   . . .      Faith    .   (no shield)
rNeg    . . .      Spirit   +   d - +0 robe
rPois   .          Reflect  .   (no helmet)
rElec   .          Harm     .   (no cloak)
rCorr   .          Rampage  .   (no gloves)
Will    +....                   (no boots)
Stlth   ++........              (no amulet)
HPRegen 0.87/turn               q - ring of willpower
MPRegen 0.12/turn               (no ring)

@: freezing walls, very slightly contaminated
A: fangs 2, regeneration 1, magic shield, antimagic bite, no potion heal 2
a: no special abilities


You were on level 2 of the Dungeon.
You visited 1 branch of the dungeon, and saw 3 of its levels.

You collected 80 gold pieces.

Inventory:

Hand Weapons
 a - a +0 dagger (weapon)
 b - a +0 short sword of holy wrath
 t - a +0 sling
Missiles
 m - 27 stones
Armour
 d - a +0 robe (worn)
Jewellery
 q - a ring of willpower (left hand)
Scrolls
 e - a scroll of brand weapon
 h - a scroll of immolation {unknown}
 j - a scroll of torment {unknown}
 k - a scroll of amnesia {unknown}
 p - a scroll of enchant armour {unknown}
 r - 2 scrolls of vulnerability
 u - a scroll of enchant weapon {unknown}
Potions
 c - 2 potions of curing {unknown}
 g - a potion of invisibility {unknown}
 i - a potion of heal wounds {unknown}
 l - a potion of might {unknown}
 n - a potion of berserk rage {unknown}
 s - a potion of attraction {unknown}


   Skills:
 * Level 1.7 Fighting
 - Level 2.0 Dodging
 - Level 3.0 Stealth
 + Level 3.4 Spellcasting
 - Level 4.0 Ice Magic


You had 2 spell levels left.
You knew the following spells:

 Your Spells              Type           Power      Damage    Failure   Level
a - Freeze                Ice            56%        1d7       3%          1
b - Frozen Ramparts       Ice            28%        1d5       11%         3
c - Ozocubu's Armour      Ice            14%        N/A       11%         3

Your spell library contained the following spells:

 Spells                   Type           Power      Damage    Failure   Level
 Hailstorm                Conj/Ice       8%         3d4       63%         4


Dungeon Overview and Level Annotations

Branches:
Dungeon (3/15)

Altars:

Annotations:
D:2 Ijyb
D:3 Sigmund


Innate Abilities, Weirdness & Mutations

You have extremely sharp teeth.
Your natural rate of healing is unusually fast.
When hurt, damage is shared between your health and your magic reserves.
Your bite disrupts and absorbs the magic of your enemies.
Potions cannot restore your health.


Message History

Casting: Ozocubu's Armour (quite dangerous; 11% risk of failure)
Confirm with . or Enter, or press ? or * to list all spells.
The spell is quite dangerous to miscast (11% risk of failure)!
Continue anyway?
Casting: Frozen Ramparts (quite dangerous; 11% risk of failure)
Press: ? - help, Dir - look around, f - activate A stone staircase leading down.
The walls around you are covered in ice.
Ijyb hits you with a +0 dagger.
Unknown command.
Your frozen ramparts will break if you move.
Continue?
The frozen ramparts melt away as you move.
Casting: Frozen Ramparts (quite dangerous; 11% risk of failure)
Confirm with . or Enter, or press ? or * to list all spells.
The spell is quite dangerous to miscast (11% risk of failure)!
Continue anyway?
Casting: Frozen Ramparts (quite dangerous; 11% risk of failure)
Press: ? - help, Dir - look around, f - activate You miscast Frozen Ramparts.
You are very lightly contaminated with residual magic.
Nothing appears to happen.
Ijyb closely misses you.
Unknown command.
Casting: Frozen Ramparts (quite dangerous; 11% risk of failure)
Confirm with . or Enter, or press ? or * to list all spells.
The spell is quite dangerous to miscast (11% risk of failure)!
Continue anyway?
Casting: Frozen Ramparts (quite dangerous; 11% risk of failure)
Press: ? - help, Dir - look around, f - activate The walls around you are covered in ice.
The wall freezes Ijyb but does no damage.
Ijyb barely misses you.
Unknown command.
You hit Ijyb but do no damage. You bite Ijyb, but do no damage.
The wall freezes Ijyb but does no damage.
Ijyb hits you with a +0 dagger.
You hit Ijyb but do no damage. Your punch misses Ijyb. Your bite misses Ijyb.
The wall freezes Ijyb but does no damage.
Ijyb zaps a wand.
The puff of flame hits you.
You hit Ijyb but do no damage.
The wall freezes Ijyb but does no damage.
Ijyb zaps a wand.
The puff of flame hits you!
Ouch! That really hurt!
You die...

.# #.....# .# #.....#
.# ########.....# .#
#............# .#
#............# .#
#............# .#
#............#
.########.......#..###
...##.)........g@.##
##....###.......###
......###.....).#
#####...........#
#...._......###
####.######)#....#
.....######.#....#
.................#
.######..........#


You could see Ijyb.

Vanquished Creatures
  Terence (D:2)
  3 worms
  A dart slug (D:2)
  2 endoplasms
  4 giant cockroaches
  4 goblins
  5 hobgoblins
  A quokka (D:2)
  4 ball pythons
  2 bats
  5 frilled lizards
  6 kobolds
  7 rats (D:1)
45 creatures vanquished.

Vanquished Creatures (others)
  3 plants (D:3)
3 creatures vanquished.

Grand Total: 48 creatures vanquished

Notes
Turn   | Place    | Note
-------+----------+-------------------------------------------
     0 | D:1      | middlethird the Vine Stalker Ice Elementalist began the
                  | quest for the Orb.
     0 | D:1      | Reached XP level 1. HP: 9/9 MP: 4/4
   190 | D:1      | Reached XP level 2. HP: 7/14 MP: 1/6
   433 | D:1      | Reached skill level 1 in Fighting
   688 | D:2      | Reached XP level 3. HP: 11/18 MP: 3/7
   697 | D:2      | Learned a level 3 spell: Frozen Ramparts
   701 | D:2      | Learned a level 3 spell: Ozocubu's Armour
   706 | D:2      | Found a faded altar of an unknown god.
   775 | D:2      | Noticed Terence
  1093 | D:3      | Noticed Sigmund
  1468 | D:2      | Killed Terence
  1469 | D:2      | Gained mutation: Your natural rate of healing is unusually
                  | fast. [Vine Stalker growth]
  1469 | D:2      | Reached XP level 4. HP: 14/23 MP: 3/10
  1577 | D:3      | Noticed Ijyb
  1603 | D:2      | Killed from afar by Ijyb

Illustrated notes

Levels and vault maps discovered:
D:1:      dpeg_arrival_rooms_a, layout_basic,
          nicolae_concentric_dashed_squares_mild
D:2:      layout_rooms, basic_ecumenical_altar, uniq_terence
D:3:      layout_basic, grunt_decor_cap, serial_bayou_crossing, uniq_ijyb,
          uniq_sigmund

Skill      XL: |  1  2  3 |
---------------+----------+-----
Fighting       | 1 |  1.7
Stealth        | 3 |  3.0
Dodging        | 2 |  2.0
Spellcasting   | 3 |  3.4
Ice Magic      | |  4.0

Action                   |  1- 3 |  4- 6 || total
-------------------------+-------+-------++-------
Melee: Dagger            |    46 |     3 ||    49
       Punch             |     1 |       ||     1
       Bite              |    12 |     1 ||    13
 Cast: Freeze            |    42 |       ||    42
       Frozen Ramparts   |     3 |     3 ||     6
       Ozocubu's Armour  |     1 |     1 ||     2
  Use: Potion            |     2 |     1 ||     3
       Scroll            |       |     2 ||     2
 Stab: Sleeping          |    13 |       ||    13
Armor: Robe              |    10 |       ||    10
Dodge: Dodged            |    36 |     8 ||    44
